 Dungeon Crawl Stone Soup version 0.23.2-1-ga50397a6bc (webtiles) character file.

Game seed: 10547980311144029726

49987 Peloso the Peltast (level 14, -9/127 HPs)
             Began as a Minotaur Fighter on May 6, 2019.
             Was the Champion of Okawaru.
             Mangled by a titan zombie (30 damage)
             ... on level 2 of the Abyss.
             The game lasted 00:41:46 (16256 turns).

Peloso the Peltast (Minotaur Fighter)              Turns: 16256, Time: 00:41:47

Health: -9/127     AC: 19    Str: 24    XL:     14   Next: 18%
Magic:  15/15      EV:  9    Int:  5    God:    Okawaru [******]
Gold:   1425       SH: 19    Dex: 16    Spells: 13/13 levels left

rFire    + . .     SeeInvis .   a - +6 falchion of Qezxuycy {flame, Dex+4}
rCold    + . .     Gourm    .   c - +0 shield
rNeg     . . .     Faith    .   G - +0 plate armour
rPois    .         Spirit   .   U - +2 hat
rElec    .         Reflect  +   l - scarf {rC+ rF+}
rCorr    .         Harm     .   (no gloves)
MR       ++...                  j - +0 pair of boots
Stlth    ..........             R - +4 amulet of reflection
HPRegen  0.00/turn              o - +3 ring of slaying
MPRegen  0.14/turn              A - ring of protection from magic

@: non-regenerating, mildly diseased
A: retaliatory headbutt, horns 2
a: Heroism, Finesse, Renounce Religion


You were on level 2 of the Abyss.
You worshipped Okawaru.
Okawaru was exalted by your worship.
You were very hungry.

You visited 3 branches of the dungeon, and saw 18 of its levels.
You visited the Abyss 1 time.
You also visited: Ice Cave.

You collected 1425 gold pieces.

Inventory:

Hand Weapons
 a - the +6 falchion of Qezxuycy (weapon) {flame, Dex+4}
   (Okawaru gifted it to you on level 2 of the Lair of Beasts)

   It has been specially enchanted to burn those struck by it, causing extra
   injury to most foes and up to half again as much damage against particularly
   susceptible opponents.
   Big, fiery blades are also staple armaments of hydra-hunters.
   It affects your dexterity (+4).
 b - the +9 scimitar "Tanemoja" {freeze, *Corrode Str+2 Dex+4 Stlth+}
   (You found it on level 7 of the Dungeon)

   It has been specially enchanted to freeze those struck by it, causing extra
   injury to most foes and up to half again as much damage against particularly
   susceptible opponents.
   It can also slow down cold-blooded creatures.
   It affects your strength (+2).
   It affects your dexterity (+4).
   It may corrode you when you take damage.
   It makes you more stealthy.
 D - a +4 long sword of electrocution
Armour
 c - a +0 shield (worn)
 j - a +0 pair of boots (worn)
 l - a scarf of resistance (worn)
 s - a +2 cloak of magic resistance
 G - a +0 plate armour (worn)
 U - a +2 hat (worn)
Jewellery
 o - a +3 ring of slaying (left hand)
 r - an uncursed ring of flight
 x - an uncursed ring of ice
 z - the ring "Yphiot" {rPois rC+ MR- Int+8}
   (You found it in an ice cave)

   [ring of protection from cold]

   It affects your intelligence (+8).
   It protects you from cold.
   It protects you from poison.
   It affects your resistance to hostile enchantments.
 A - a ring of protection from magic (right hand)
 R - a +4 amulet of reflection (around neck)
 T - an uncursed ring of see invisible
Wands
 q - a wand of digging (3)
 v - a wand of flame (79)
 K - a wand of iceblast (15)
 O - a wand of paralysis (11)
 Q - a wand of acid (15)
 X - a wand of polymorph (7)
Scrolls
 h - 4 scrolls of teleportation
 i - 12 scrolls of remove curse
 m - a scroll of random uselessness {unknown}
 p - 3 scrolls of enchant armour
 t - 2 scrolls of summoning
 u - 2 scrolls of blinking
 y - 3 scrolls of enchant weapon
 B - a scroll of noise {unknown}
 E - a scroll of fog
 F - a scroll of magic mapping
 H - a scroll of amnesia
 J - a scroll of holy word {unknown}
Potions
 d - 4 potions of might
 e - 2 potions of haste
 g - 2 potions of invisibility
 n - 4 potions of flight
 w - 6 potions of curing
 C - 2 potions of agility
 I - 2 potions of mutation
 L - 2 potions of cancellation {unknown}
 P - 3 potions of magic {unknown}
 W - a potion of berserk rage {unknown}
Miscellaneous
 k - a sack of spiders
Comestibles
 f - 31 rations


   Skills:
 + Level 12.9 Fighting
 + Level 15.7 Long Blades
 + Level 12.8 Armour
 + Level 3.7 Dodging
 + Level 1.6 Stealth
 + Level 16.0 Shields
 + Level 2.7 Invocations


You had 13 spell levels left.
You didn't know any spells.
Your spell library contained the following spells:

 Spells                   Type           Power        Failure   Level  Hunger
 Animate Skeleton         Necr           N/A          99%         1    ##.....
 Apportation              Tloc           #.....       99%         1    ##.....
 Beastly Appendage        Tmut           #.....       99%         1    ##.....
 Confusing Touch          Hex            #.....       99%         1    ##.....
 Summon Small Mammal      Summ           #...         99%         1    ##.....
 Blink                    Tloc           N/A          100%        2    ###....
 Poisonous Vapours        Pois/Air       #.....       100%        2    ###....
 Shroud of Golubria       Chrm/Tloc      #.........   100%        2    ###....
 Sticks to Snakes         Tmut           #.......     100%        2    ###....
 Gell's Gravitas          Tloc           #.........   100%        3    ####...
 Ignite Poison            Fire/Tmut/Pois #.......     100%        3    ####...
 Lesser Beckoning         Tloc           #.........   100%        3    ####...
 Regeneration             Chrm/Necr      #.........   100%        3    ####...
 Teleport Other           Tloc           #.......     100%        3    ####...
 Olgreb's Toxic Radiance  Pois           #.......     100%        4    #####..
 Passage of Golubria      Tloc           N/A          100%        4    #####..
 Bolt of Magma            Conj/Fire/Erth #.........   100%        5    ######.
 Iskenderun's Battlesphe  Conj/Chrm      #.......     100%        5    ######.


Dungeon Overview and Level Annotations

Branches:
Dungeon (11/15)            Temple (1/1) D:5            Lair (6/6) D:11
  Swamp (0/4) Lair:3       Spider (0/4) Lair:4        Slime (0/5) Lair:5
    Orc (0/2) D:9

Altars:
Ashenzari
Cheibriados
Dithmenos
Elyvilon
Fedhas
Gozag
Hepliaklqana
Kikubaaqudgha
Makhleb
Nemelex Xobeh
Okawaru
Ru
Sif Muna
Trog
Uskayaw
Vehumet
Wu Jian
Xom
Yredelemnul
The Shining One


Innate Abilities, Weirdness & Mutations

You reflexively headbutt those who attack you in melee.
You have a pair of horns on your head.


Message History

You destroy the ancient zyme!
Okawaru accepts your kill.
You are suddenly pulled into a different region of the Abyss!
Found three items.
F - a scroll of magic mapping
t - 2 scrolls of summoning (gained 1)
J - a scroll labeled COBLONL RIUCO A titan zombie comes into view.
A titan zombie is nearby!
Okay, then.
You block the titan zombie's attack.
You hit the titan zombie. You burn the titan zombie.
The titan zombie is lightly damaged.
You block the titan zombie's attack.
You slash the titan zombie! You burn the titan zombie.
The titan zombie is lightly damaged.
You slash the titan zombie! You burn the titan zombie.
The titan zombie is moderately damaged.
The titan zombie hits you!!
You die...

. ##. #.# ## ....#
#........###.##...
.........##..#.#.. #
...................#
#...........#.....#
#............... .#
#........#...#....
.........Z..........
........@.## # ....
#..#....#### .. ##
#....#. # .
#.#...#.# #....##.#
....... ###
......... .........
.........


You could see a titan zombie.

Vanquished Creatures
  Gastronok (Lair:2)
  A frost giant (IceCv)
  4 hydras
  A two-headed ogre (D:11)
  3 death yaks
  5 ugly things
  A necromancer (Lair:2)
  11 elephants
  Maurice (D:9)
  A manticore (D:7)
  Psyche (D:9)
  6 black mambas
  2 ice statues
  7 spiny frogs
  7 komodo dragons
  6 rime drakes
  An ancient zyme (Abyss:2)
  2 trolls
  3 jumping spiders (Lair:4)
  3 meliai (Lair:5)
  A queen bee (Lair:5)
  16 polar bears (IceCv)
  Grinder (D:3)
  5 hippogriffs
  3 raiju (Abyss:2)
  A redback (Lair:4)
  43 yaks
  A wyvern (D:9)
  Eustachio (D:4)
  3 basilisks
  A hungry ghost (D:7)
  A steam dragon (D:7)
  13 water moccasins
  A hell hound (Lair:6)
  2 orc warriors
  10 porcupines
  4 phantoms
  3 sky beasts
  2 black bears (D:11)
  3 ogres
  20 wolves
  5 ice beasts
  11 centaurs
  15 crocodiles
  16 bullfrogs
  A water moccasin zombie (D:8)
  A wyvern zombie (D:7)
  4 scorpions
  A water moccasin skeleton (D:7)
  31 killer bees
  6 howler monkeys
  3 electric eels (Lair:4)
  2 crimson imps
  A centaur zombie (D:6)
  A quasit (D:11)
  5 hounds
  18 jellies
  A centaur skeleton (D:8)
  8 orc wizards
  Crazy Yiuf (D:2)
  A bullfrog skeleton (D:7)
  6 orc priests
  5 iguanas
  4 worker ants
  4 yak simulacra (Lair:2)
  5 wolf simulacra (Lair:2)
  A polar bear simulacrum (Lair:2)
  A killer bee zombie (D:8)
  3 hound skeletons
  7 gnolls (D:5)
  9 adders
  3 shadow imps
  5 white imps (Lair:5)
  9 oozes
  An adder zombie (D:8)
  An adder skeleton (D:8)
  2 dart slugs (D:1)
  2 worms (D:2)
  9 leopard geckos
  39 orcs
  8 bats
  9 giant cockroaches
  9 goblins
  4 hobgoblins
  10 jackals
  7 kobolds
  3 quokkas
  A ball python (D:5)
  8 frilled lizards
  A jackal skeleton (D:7)
  2 leopard gecko skeletons
  A quokka skeleton (D:5)
  A quokka zombie (D:6)
  3 rats
  A river rat simulacrum (Lair:2)
  4 fungi
  A plant (Lair:1)
523 creatures vanquished.

Vanquished Creatures (collateral kills)
  7 white imps (Lair:5)
7 creatures vanquished.

Vanquished Creatures (others)
  2 yaks (IceCv)
  3 wolves (IceCv)
  A centaur (Lair:5)
  3 fungi
  3 plants
12 creatures vanquished.

Grand Total: 542 creatures vanquished

Notes
Turn   | Place    | Note
-------+----------+-------------------------------------------
     0 | D:1      | Peloso the Minotaur Fighter began the quest for the Orb.
     0 | D:1      | Reached XP level 1. HP: 19/19 MP: 0/0
   106 | D:1      | Reached XP level 2. HP: 27/27 MP: 1/1
   158 | D:1      | Reached skill level 4 in Shields
   395 | D:1      | Reached XP level 3. HP: 29/33 MP: 2/2
   779 | D:2      | Found a glowing golden altar of the Shining One.
  1094 | D:2      | Found a sacrificial altar of Ru.
  1402 | D:2      | Found a runed translucent door.
  1403 | D:2      | Noticed Crazy Yiuf
  1460 | D:2      | Found a blossoming altar of Fedhas.
  1578 | D:2      | Killed Crazy Yiuf
  1578 | D:2      | Reached XP level 4. HP: 40/40 MP: 3/3
  1651 | D:3      | Found an ornate altar of the Wu Jian Council.
  1654 | D:3      | Noticed Grinder
  1670 | D:3      | Killed Grinder
  1670 | D:3      | Reached skill level 5 in Long Blades
  1670 | D:3      | Reached skill level 1 in Dodging
  1670 | D:3      | Reached XP level 5. HP: 31/47 MP: 4/4
  1670 | D:3      | Reached XP level 6. HP: 35/53 MP: 5/5
  1675 | D:3      | Reached skill level 5 in Shields
  2555 | D:4      | Noticed Eustachio
  2580 | D:4      | Killed Eustachio
  2580 | D:4      | Reached skill level 5 in Armour
  2954 | D:4      | Reached skill level 5 in Fighting
  2954 | D:4      | Reached XP level 7. HP: 60/61 MP: 6/6
  3336 | D:5      | Entered Level 5 of the Dungeon
  3506 | D:5      | Found a shimmering altar of Xom.
  3563 | D:5      | Found a staircase to the Ecumenical Temple.
  3570 | D:5      | Reached skill level 6 in Shields
  3666 | Temple   | Entered the Ecumenical Temple
  3775 | Temple   | Became a worshipper of Warmaster Okawaru
  3926 | D:5      | Found a shattered altar of Ashenzari.
  4038 | D:5      | Found a sparkling altar of Nemelex Xobeh.
  4273 | D:6      | Reached XP level 8. HP: 68/70 MP: 7/7
  4514 | D:6      | Reached * piety under Okawaru
  4661 | D:6      | Reached skill level 7 in Shields
  5036 | D:7      | Found a hide-covered altar of Uskayaw.
  5049 | D:7      | Got a polished scimitar
  5050 | D:7      | Identified the +9 scimitar "Tanemoja" {freeze, *Corrode
                  | Str+2 Dex+4 Stlth+} (You found it on level 7 of the
                  | Dungeon)
  5076 | D:7      | Found a hazy altar of Hepliaklqana.
  5093 | D:7      | Reached XP level 9. HP: 72/78 MP: 6/8
  5358 | D:7      | Reached ** piety under Okawaru
  5380 | D:7      | Reached skill level 10 in Long Blades
  5427 | D:7      | Found a transporter.
  5495 | D:7      | Found a transporter.
  5495 | D:7      | Noticed a red ugly thing
  5495 | D:7      | Noticed a manticore
  5663 | D:7      | Found a shadowy altar of Dithmenos.
  6003 | D:8      | Reached skill level 8 in Shields
  6073 | D:8      | Found a deep blue altar of Sif Muna.
  6541 | D:9      | Noticed Psyche
  6557 | D:9      | Killed Psyche
  6557 | D:9      | Reached *** piety under Okawaru
  6607 | D:9      | Found a staircase to the Orcish Mines.
  6693 | D:9      | Reached skill level 9 in Shields
  6693 | D:9      | Reached XP level 10. HP: 70/86 MP: 5/9
  6698 | D:9      | Reached **** piety under Okawaru
  6698 | D:9      | Received a gift from Okawaru
  7069 | D:9      | Noticed Maurice
  7083 | D:9      | Killed Maurice
  7085 | D:9      | Received a gift from Okawaru
  7123 | D:10     | Entered Level 10 of the Dungeon
  7677 | D:7      | Killed a manticore
  7677 | D:7      | Reached ***** piety under Okawaru
  7697 | D:7      | Killed a red ugly thing
  7751 | D:7      | Identified the Compendium of Assistive Fire
  7906 | D:11     | Reached skill level 10 in Shields
  7921 | D:11     | Noticed a cyan ugly thing
  7929 | D:11     | Killed a cyan ugly thing
  7929 | D:11     | Reached XP level 11. HP: 92/95 MP: 10/10
  7972 | D:11     | Noticed a brown ugly thing
  7977 | D:11     | Noticed a green ugly thing
  7981 | D:11     | Killed a brown ugly thing
  7983 | D:11     | Killed a green ugly thing
  8031 | D:11     | Received a gift from Okawaru
  8031 | D:11     | Reached skill level 1 in Stealth
  8046 | D:11     | Got a twisted hand crossbow {god gift}
  8047 | D:11     | Identified the +3 hand crossbow of Valour {velocity,
                  | Fragile rC+ Str+3 Dex+3} (Okawaru gifted it to you on level
                  | 11 of the Dungeon)
  8054 | D:11     | Found a staircase to the Lair.
  8082 | D:11     | Noticed a two-headed ogre
  8093 | D:11     | Killed a two-headed ogre
  8297 | D:11     | Noticed a four-headed hydra
  8307 | D:11     | Killed a six-headed hydra
  8307 | D:11     | Reached skill level 10 in Armour
  8307 | D:11     | Reached skill level 11 in Shields
  8346 | D:11     | Reached skill level 1 in Invocations
  8362 | D:11     | Reached ****** piety under Okawaru
  8442 | D:11     | Received a gift from Okawaru
  8451 | D:11     | Got a slimy ring mail {god gift}
  8462 | D:11     | Identified the +4 ring mail of Eternal Vigilance {*Drain
                  | rN+ Int+3} (Okawaru gifted it to you on level 11 of the
                  | Dungeon)
  8494 | D:11     | Noticed a cyan ugly thing
  8507 | D:11     | Killed a cyan ugly thing
  8602 | Lair:1   | Entered Level 1 of the Lair of Beasts
  9218 | Lair:2   | Noticed Gastronok
  9234 | Lair:2   | Killed Gastronok
  9234 | Lair:2   | Reached skill level 10 in Fighting
  9234 | Lair:2   | Reached XP level 12. HP: 76/106 MP: 12/12
  9465 | Lair:2   | Reached skill level 12 in Shields
  9774 | Lair:2   | Received a gift from Okawaru
  9787 | Lair:2   | Got an ancient falchion {god gift}
  9788 | Lair:2   | Identified the +6 falchion of Qezxuycy {flame, Dex+4}
                  | (Okawaru gifted it to you on level 2 of the Lair of Beasts)
 10153 | Lair:3   | Noticed a seven-headed hydra
 10161 | Lair:3   | Killed a two-headed hydra
 10168 | Lair:3   | Found a staircase to the Swamp.
 10436 | Lair:3   | Received a gift from Okawaru
 10570 | Lair:3   | Reached skill level 13 in Shields
 10705 | Lair:3   | Reached XP level 13. HP: 116/117 MP: 13/13
 11078 | Lair:1   | Got a smoking scale mail
 11096 | Lair:1   | Identified the +4 scale mail of Pan-Flutes {*Slow rPois
                  | rN+} (You found it on level 1 of the Lair of Beasts)
 11890 | Lair:4   | Reached skill level 15 in Long Blades
 12049 | Lair:4   | Found a hole to the Spider Nest.
 12513 | Lair:4   | Identified Sif Muna's Collected Works on Changing and
                  | Toxins
 12946 | Lair:5   | Found a frozen archway.
 12986 | Lair:5   | Received a gift from Okawaru
 12986 | Lair:5   | Reached skill level 14 in Shields
 13029 | Lair:5   | HP: 3/118 [five-headed hydra (11)]
 13196 | IceCv    | Entered an ice cave
 14076 | IceCv    | Reached skill level 15 in Shields
 14228 | IceCv    | Noticed a frost giant
 14256 | IceCv    | Killed a frost giant
 14284 | IceCv    | Received a gift from Okawaru
 14477 | IceCv    | Got a steaming steel ring
 14481 | IceCv    | Identified the ring "Yphiot" {rPois rC+ MR- Int+8} (You
                  | found it in an ice cave)
 14487 | IceCv    | Got a smoking mace
 14488 | IceCv    | Identified the cursed +1 mace of the Endless March {venom,
                  | Int+2 Dex+3 Stlth+} (You found it in an ice cave)
 14842 | Lair:5   | Found a basalt altar of Yredelemnul.
 15143 | Lair:5   | Found a staircase to the Slime Pits.
 15523 | Lair:6   | Entered Level 6 of the Lair of Beasts
 15536 | Lair:6   | Reached XP level 14. HP: 79/127 MP: 15/15
 16147 | Lair:6   | Reached skill level 16 in Shields
 16174 | Lair:6   | Cast into level 2 of the Abyss (a wizard)
 16256 | Abyss:2  | Mangled by a titan zombie

Skill      XL: |  1  2  3  4  5  6  7  8  9 10 11 12 13 14 |
---------------+-------------------------------------------+-----
Shields        | 4 5 6 7 9 10 11 13 15 16 | 16.0
Fighting       | 4 5 6 7 8 10 11 12 | 12.9
Armour         | 4 5 6 7 9 10 12 | 12.8
Long Blades    | 3 5 6 7 9 11 12 14 15 | 15.7
Dodging        | 1 2 3 |  3.7
Stealth        | 1 |  1.6
Invocations    | 2 |  2.7

Action                   |  1- 3 |  4- 6 |  7- 9 | 10-12 | 13-15 || total
-------------------------+-------+-------+-------+-------+-------++-------
Melee: Long sword        |    82 |    76 |   191 |       |       ||   349
       Headbutt          |    17 |    12 |    76 |   129 |   168 ||   402
       Scimitar          |       |       |    98 |   321 |       ||   419
       Falchion          |       |       |       |   130 |   600 ||   730
Invok: Heroism           |       |       |       |     2 |     2 ||     4
       Finesse           |       |       |       |     1 |       ||     1
  Use: Scroll            |       |       |       |    12 |    15 ||    27
       Potion            |       |       |       |       |     5 ||     5
  Eat: Chunk             |     2 |     3 |    14 |    13 |    13 ||    45
       Ration            |       |       |       |       |     1 ||     1
Armor: Scale mail        |    38 |    13 |       |       |       ||    51
       Chain mail        |       |    19 |   101 |       |       ||   120
       Plate armour      |       |       |    27 |   155 |   187 ||   369
Dodge: Dodged            |    31 |    24 |    59 |    81 |   110 ||   305
Block: Shield            |    45 |    41 |   137 |   340 |   494 ||  1057
       Reflection        |       |       |       |       |    18 ||    18
       Rpst.: Long sword |     7 |     4 |    12 |       |       ||    23
       Scimitar          |       |       |     5 |    18 |       ||    23
       Falchion          |       |       |       |     2 |    24 ||    26
